 Dungeon Crawl Stone Soup version 0.30.1-8-g117510f58f (webtiles) character file.

Game seed: 14297432777821152070

4 HagarQim the Grave Robber (level 1, 10/10 HPs)
             Began as a Deep Elf Necromancer on Sept 22, 2023.
             Was a Follower of Makhleb.
             Got out of the dungeon alive.
             The game lasted 00:00:49 (186 turns).

HagarQim the Grave Robber (Deep Elf Necromancer)     Turns: 186, Time: 00:00:49

Health: 10/10      AC:  2    Str:  5    XL:     1   Next: 58%
Magic:  6/6        EV: 12    Int: 19    God:    Makhleb [*.....]
Gold:   5          SH:  0    Dex: 15    Spells: 5/6 levels left

rFire   . . .        (no weapon)
rCold   . . .        (no shield)
rNeg    . . .        a - +0 robe
rPois   .            (no helmet)
rElec   .            (no cloak)
rCorr   .            (no gloves)
SInv    .            (no boots)
Will    .....        (no amulet)
Stlth   ++           (no ring)
HPRegen 0.21/turn    (no ring)
MPRegen 0.10/turn

%: no passive effects
@: no status effects
A: no striking features
a: Renounce Religion


You escaped.
You worshipped Makhleb.
Makhleb was aware of your devotion.
You visited 1 branch of the dungeon, and saw 1 of its levels.

You collected 5 gold pieces.

Inventory:

Armour
 a - a +0 robe (worn)
Scrolls
 c - a scroll of identify {unknown}
Potions
 b - a potion of magic


   Skills:
 + Level 2.4 Dodging
 + Level 2.4 Stealth
 * Level 3.2 Spellcasting
 + Level 5.0 Necromancy


You had 5 spell levels left.
You knew the following spells:

 Your Spells              Type           Power      Damage    Failure   Level
a - Necrotise             Necr           88%        1d8       1%          1

Your spell library contained the following spells:

 Spells                   Type           Power      Damage    Failure   Level
 Vampiric Draining        Necr           22%        2d7       5%          3
 Animate Dead             Necr           22%        N/A       19%         4
 Agony                    Necr           22%        N/A       45%         5


Dungeon Overview and Level Annotations

Branches:
Dungeon (1/15)

Altars:
Makhleb


Message History

You kill the endoplasm!
Magic restored.
Found a scale mail.
An endoplasm comes into view.
The endoplasm quivers.
The endoplasm writhes in agony.
The endoplasm writhes in agony.
You kill the endoplasm!
Your Necromancy skill increases to level 5!
Found a stone staircase leading down.
A ball python and a kobold come into view.
You can't see any susceptible monsters within range! (Use Z to cast anyway.)
Found 5 gold pieces.
The ball python hisses angrily.
The kobold shouts!
The kobold writhes in agony.
The ball python writhes in agony.
The ball python writhes in agony!
You kill the ball python!
The dead are slithering!
The kobold throws a stone.
The stone misses you.
The kobold writhes in agony!
You kill the kobold!
The dead are walking!
You start resting.
Your ball python skeleton crumbles into dust!
Your kobold skeleton crumbles into dust!
Magic restored.
Found a stone staircase leading down.
Found a faded altar of an unknown god.
You now have 5 gold pieces.
There is a dry fountain here.
There is a faded altar of an unknown god here.
This altar belongs to (a) the Shining One, (b) Sif Muna or (c) Makhleb, but you can't tell which.
Press the corresponding letter to learn more about a god, or press enter to convert or escape to cancel.
Makhleb accepts your prayer! Makhleb welcomes you!
You can now gain health from killing.
There is a dry fountain here.
There is an open door here.
There is a staircase leading out of the dungeon here.
Are you sure you want to leave the Dungeon?
This will make you lose the game!
You have escaped!

. #... #. #[.# .
##..##..## ..
.##...##...##...
............. ..........
# #..##..# ##.#
######..##@.###### ...
##................#
######..................
.....#...##...##...##...
..# #..####..##..## ..
..# #..####..##..# . ..#
#...##...##... ..#
#........##.... ..#
##'......####....


There were no monsters in sight!

Vanquished Creatures
  2 endoplasms (D:1)
  A kobold (D:1)
  A ball python (D:1)
4 creatures vanquished.

Notes
Turn   | Place    | Note
-------+----------+-------------------------------------------
     0 | D:1      | HagarQim the Deep Elf Necromancer began the quest for the
                  | Orb.
     0 | D:1      | Reached XP level 1. HP: 10/10 MP: 6/6
    54 | D:1      | Reached skill level 5 in Necromancy
   142 | D:1      | Found a faded altar of an unknown god.
   151 | D:1      | Prayed at the altar of an unknown god.
   151 | D:1      | Became a worshipper of Makhleb the Destroyer
   151 | D:1      | Reached * piety under Makhleb
   186 | D:$      | Got out of the dungeon alive.

Illustrated notes

Levels and vault maps discovered:
D:1:      minmay_arrival_four_loops, layout_loops_ring,
          hellmonk_ecumenical_altar_run_dry

Skill      XL: |  1 |
---------------+----+-----
Necromancy     | 5 |  5.0
Dodging        | |  2.4
Stealth        | |  2.4
Spellcasting   | |  3.2

Action                     || total
---------------------------++-------
   Cast: Necrotise         ||     7
  Dodge: Dodged            ||     1
